 Dungeon Crawl Stone Soup version 0.30.1-3-gfc49f6343a (webtiles) character file.

Game seed: 9963977028933857503

217 Babbit the Trooper (level 5, -2/47 HPs)
             Began as a Minotaur Fighter on Aug 2, 2023.
             Killed by divine providence
             ... invoked by an orc priest
              (13 damage)
             ... on level 3 of the Dungeon.
             The game lasted 00:09:36 (2127 turns).

Babbit the Trooper (Minotaur Fighter)               Turns: 2127, Time: 00:09:36

Health: -2/47      AC:  7    Str: 28    XL:     5   Next: 62%
Magic:  4/4        EV:  9    Int:  5    God:
Gold:   105        SH:  4    Dex: 10    Spells: 4/4 levels left

rFire   . . .        a - +0 war axe
rCold   . . .        c - +0 buckler
rNeg    . . .        b - +0 scale mail
rPois   .            (helmet restricted)
rElec   .            (no cloak)
rCorr   .            (no gloves)
SInv    .            (no boots)
Will    .....        (no amulet) Stlth
                     d - +6 ring of strength
HPRegen 0.27/turn    (no ring)
MPRegen 0.09/turn

%: no passive effects
@: attractive
A: horns 2, retaliatory headbutt
a: no special abilities


You were on level 3 of the Dungeon.
You visited 1 branch of the dungeon, and saw 5 of its levels.

You collected 105 gold pieces.

Inventory:

Hand Weapons
 a - a +0 war axe (weapon)
Missiles
 f - 2 poisoned darts (quivered)
Armour
 b - a +0 scale mail (worn)
 c - a +0 buckler (worn)
Jewellery
 d - a +6 ring of strength (left hand)
Wands
 n - a wand of light (4)
 o - a wand of polymorph (6)
Scrolls
 h - a scroll of vulnerability {unknown}
 j - a scroll of identify
 k - a scroll of torment {unknown}
Potions
 e - a potion of berserk rage {unknown}
 g - a potion of flight {unknown}
 i - a potion of haste {unknown}
 l - 2 potions of curing
 m - 2 potions of attraction
 p - a potion of degeneration {unknown}
 q - 2 potions of heal wounds {unknown}


   Skills:
 + Level 4.8 Fighting
 * Level 4.8 Axes
 + Level 4.6 Armour
 + Level 4.7 Shields


You had 4 spell levels left.
You didn't know any spells.
Your spell library contained the following spells:

 Spells                   Type           Power      Damage    Failure   Level
 Vhi's Electric Charge    Tloc/Air       0%         N/A       98%         3
 Arcjolt                  Conj/Air       0%         1d10      100%        5
 Maxwell's Capacitive Co  Air            0%         ∞         100%        8


Dungeon Overview and Level Annotations

Branches:
Dungeon (5/15)
 Temple: D:4-7

Altars:
Qazlal
Trog
Wu Jian
Yredelemnul

Shops:
D:3 :


Innate Abilities, Weirdness & Mutations

You have a pair of horns on your head.
You reflexively headbutt those who attack you in melee.


Message History

The black bear growls angrily.
The orc throws a boomerang.
The boomerang hits you but does no damage.
The orc hits you but does no damage.
You closely miss the orc. You headbutt the orc!
You kill the orc!
An orc comes into view. It is wielding a +0 club.
You barely miss the orc. You headbutt the orc, but do no damage.
The orc completely misses you.
It was a potion of attraction.
You feel attractive to monsters. The orc barely misses you.
You furiously retaliate!
You headbutt the orc, but do no damage. The orc is attracted toward you.
You slash the orc!
You kill the orc!
The orc priest calls down the wrath of Beogh upon you.
Beogh smites you! The black bear bites you.
The black bear claws you but does no damage.
The black bear claws you.
You slash the black bear!
The black bear is moderately wounded.
The black bear bites you but does no damage.
The black bear barely misses you. The black bear claws you.
You closely miss the black bear.
The black bear is moderately wounded.
The black bear bites you but does no damage.
The black bear claws you. x2
You hit the black bear.
The black bear is moderately wounded.
The black bear bites you.
* * * LOW HITPOINT WARNING * * *
The black bear claws you but does no damage.
The black bear claws you.
* * * LOW HITPOINT WARNING * * *
As you read the scroll labelled XUOSOI ECOVUM, it crumbles to dust.
It is a scroll of identify.
l - 2 potions of curing The orc priest mumbles some strange prayers to Beogh against you.
Beogh smites you!
You die...

#....##.... #....##....
#....##.... .
##....##.... ..
#.....)..... ..#
###.....##.... . ..
##...######....
....#o####..########....
.....{h@...............#
#.###o####.....######..#
# #.....# #..# #.....#
#..# ........ #..#
..#...##. #..# ..##...#
#..# .......######...
..............


You could see a black bear, an orc priest and an orc.

Vanquished Creatures
  Terence (D:2)
  Jessica (D:2)
  Robin (D:2)
  2 adders (D:3)
  3 gnolls (D:2)
  2 worms
  3 dart slugs
  6 orcs (D:3)
  6 endoplasms
  4 giant cockroaches
  14 goblins
  8 hobgoblins
  4 kobolds
  3 quokkas
  13 ball pythons
  9 bats
  3 frilled lizards
  5 rats
88 creatures vanquished.

Notes
Turn   | Place    | Note
-------+----------+-------------------------------------------
     0 | D:1      | Babbit the Minotaur Fighter began the quest for the Orb.
     0 | D:1      | Reached XP level 1. HP: 19/19 MP: 0/0
    92 | D:1      | Reached XP level 2. HP: 22/27 MP: 1/1
   235 | D:1      | Reached XP level 3. HP: 33/33 MP: 2/2
   492 | D:2      | Noticed Robin
   503 | D:2      | Killed Robin
   504 | D:2      | Reached XP level 4. HP: 33/40 MP: 3/3
   588 | D:2      | Found a basalt altar of Yredelemnul.
   826 | D:2      | Noticed Terence
   848 | D:2      | Killed Terence
   851 | D:2      | Reached XP level 5. HP: 5/47 MP: 4/4
  1293 | D:2      | Noticed Jessica
  1299 | D:2      | Killed Jessica
  1621 | D:3      | Found Tifappeg's Book Shoppe.
  1669 | D:3      | Found an ornate altar of the Wu Jian Council.
  1735 | D:3      | Found a bloodstained altar of Trog.
  1921 | D:3      | Found a stormy altar of Qazlal.
  2008 | D:3      | You fall into a shaft and drop 2 floors!
  2008 | D:5      | Entered Level 5 of the Dungeon
  2118 | D:3      | Noticed a black bear
  2127 | D:3      | Killed from afar by an orc priest

Illustrated notes

Levels and vault maps discovered:
D:1:      tarquinn_simple_flora_water_e, layout_rooms, minmay_misc_feat_roman
D:2:      layout_rooms, serial_co_window_serial, co_window_of_opportunity_a,
          co_window_of_opportunity_a, co_window_paths_a, co_window_corner_a,
          co_window_paths_b, co_window_corner_b, co_window_broadway_c,
          co_window_of_opportunity_b, co_window_corner_ca, co_window_2corner,
          co_window_paths_c, co_window_4corner_b, co_window_paths_e,
          glass_columns_a, basic_altar, uniq_robin, uniq_jessica, uniq_terence
D:3:      layout_basic, mainiacjoe_overflow_paths, mainiacjoe_overflow_alcove_2,
          jmf_multi_god_temple, serial_shops, nicolae_shop_tiny_statue_garden
D:4:      layout_basic, evilmike_ruin_ashenzari, kennysheep_crisscross,
          minmay_quadrilaterals, uniq_grinder, uniq_menkaure
D:5:      layout_basic

Skill      XL: |  1  2  3  4 |
---------------+-------------+-----
Axes           | 3 4 |  4.8
Fighting       | 4 |  4.8
Shields        | 4 |  4.7
Armour         | 4 |  4.6

Action                     |  1- 3 |  4- 6 || total
---------------------------+-------+-------++-------
  Melee: War axe           |    74 |    89 ||   163
         Headbutt          |    11 |    17 ||    28
    Use: Scroll            |       |     2 ||     2
         Potion            |       |     2 ||     2
 Armour: Scale mail        |    50 |    53 ||   103
  Dodge: Dodged            |    56 |    54 ||   110
  Block: Buckler           |    26 |    11 ||    37
